 Dungeon Crawl Stone Soup version 0.30-a0-1082-g70414cbcbb (webtiles) character file.

Game seed: 10426029490170470416

143 jimonade the Insei (level 5, 0/41 HPs)
             Began as a Gnoll Transmuter on Apr 15, 2023.
             Slain by a cerulean imp
             ... wielding a +2 spear
             ... summoned by Natasha
              (4 damage)
             ... on level 3 of the Dungeon.
             The game lasted 00:04:00 (1678 turns).

jimonade the Insei (Gnoll Transmuter)               Turns: 1678, Time: 00:04:01

Health: 0/41       AC: 10    Str: 11    XL:     5   Next: 25%
Magic:  12/12      EV: 13    Int: 13    God:
Gold:   195        SH:  0    Dex: 12    Spells: 11/14 levels left

rFire   . . .      SeeInvis .    t - +0 dagger (protect)
rCold   . . .      Faith    .    (no shield)
rNeg    . . .      Spirit   .    a - +0 robe
rPois   .          Reflect  .    m - +0 helmet
rElec   .          Rampage  .    (no cloak)
rCorr   .                        (no gloves)
Will    .....                    (no boots)
Stlth   ++                       k - amulet of the acrobat
HPRegen 0.26/turn                (no ring)
MPRegen 0.13/turn                (no ring)

@: under a protective aura
A: fangs 1, strong nose, distributed training
a: no special abilities


You were on level 3 of the Dungeon.
You visited 1 branch of the dungeon, and saw 3 of its levels.

You collected 195 gold pieces.

Inventory:

Hand Weapons
 q - a +0 hand axe
 t - a +0 dagger of protection (weapon)
Missiles
 n - 6 poisoned darts
 r - 6 javelins
Armour
 a - a +0 robe (worn)
 g - a +0 chain mail
 l - a +0 kite shield
 m - a +0 helmet (worn)
Magical Staves
 s - a staff of conjuration
Jewellery
 k - an amulet of the acrobat (around neck)
Scrolls
 e - 4 scrolls of identify {unknown}
 j - 2 scrolls of poison {unknown}
 o - a scroll of amnesia {unknown}
Potions
 b - a potion of lignification
 c - a potion of curing {unknown}
 d - a potion of brilliance {unknown}
 f - a potion of mutation {unknown}
 h - 3 potions of might {unknown}
 i - a potion of berserk rage {unknown}
 p - a potion of ambrosia {unknown}


   Skills:
 + Level 3.0 Fighting
 + Level 1.4 Short Blades
 + Level 1.4 Long Blades
 + Level 1.4 Axes
 + Level 1.4 Maces & Flails
 + Level 1.4 Polearms
 + Level 1.4 Staves
 + Level 1.4 Ranged Weapons
 + Level 1.4 Throwing
 + Level 1.4 Armour
 + Level 4.8 Dodging
 + Level 1.4 Stealth
 + Level 1.4 Shields
 + Level 6.7 Unarmed Combat
 + Level 5.2 Spellcasting
 + Level 1.1 Conjurations
 + Level 1.1 Hexes
 + Level 1.1 Summonings
 + Level 1.1 Necromancy
 + Level 1.1 Translocations
 + Level 3.9 Transmutations
 + Level 1.1 Fire Magic
 + Level 1.1 Ice Magic
 + Level 1.1 Air Magic
 + Level 1.1 Earth Magic
 + Level 1.1 Poison Magic
 + Level 1.6 Invocations
 + Level 1.4 Evocations


You had 11 spell levels left.
You knew the following spells:

 Your Spells              Type           Power      Damage    Failure   Level
a - Beastly Appendage     Tmut           26%        N/A       3%          1
b - Wereblood             Tmut           13%        N/A       5%          2

Your spell library contained the following spells:

 Spells                   Type           Power      Damage    Failure   Level
 Apportation              Tloc           12%        N/A       12%         1
 Necrotise                Necr           24%        1d5       12%         1
 Summon Small Mammal      Summ           24%        N/A       12%         1
 Sublimation of Blood     Necr           6%         N/A       17%         2
 Spider Form              Tmut/Pois      10%        N/A       19%         3
 Call Canine Familiar     Summ           6%         N/A       34%         3
 Inner Flame              Hex/Fire       6%         N/A       34%         3
 Portal Projectile        Hex/Tloc       12%        N/A       34%         3
 Ice Form                 Ice/Tmut       10%        N/A       54%         4
 Flame Wave               Conj/Fire      6%         2d5       75%         4
 Leda's Liquefaction      Hex/Erth       3%         N/A       75%         4
 Sticky Flame             Conj/Fire      6%         2d3       75%         4
 Summon Hydra             Summ           3%         N/A       100%        7


Dungeon Overview and Level Annotations

Branches:
Dungeon (3/15)

Altars:

Annotations:
D:3 Natasha


Innate Abilities, Weirdness & Mutations

You have very sharp teeth.
Your uncanny sense of smell can sniff out nearby items.
Your experience applies equally to all skills.


Message History

The cerulean imp barely misses you.
Natasha mumbles some strange words.
Natasha shimmers violently.
Natasha barely misses you.
You barely miss Natasha.
Natasha is severely wounded.
The cerulean imp hits you with a +0 spear.
The cerulean imp hits you with a +2 spear.
The cerulean imp hits you from afar with a +0 spear.
Natasha claws you.
* * * LOW HITPOINT WARNING * * *
The cerulean imp hits you but does no damage.
You hit Natasha but do no damage.
Natasha is severely wounded.
You feel yourself speed up.
The cerulean imp disappears in a puff of smoke!
The cerulean imp misses you.
The cerulean imp hits you but does no damage.
Natasha closely misses you.
The cerulean imp hits you with a +2 spear.
* * * LOW HITPOINT WARNING * * *
You closely miss Natasha.
Natasha is severely wounded.
The cerulean imp hits you but does no damage.
Natasha stares at you and mumbles some strange words.
The magic dart hits you!
* * * LOW HITPOINT WARNING * * *
You hit Natasha but do no damage.
Natasha is severely wounded.
The cerulean imp disappears in a puff of smoke!
The cerulean imp hits you but does no damage.
Natasha stares at you and mumbles some strange words.
The magic dart hits you but does no damage.
You closely miss Natasha.
Natasha is severely wounded.
The cerulean imp closely misses you. Natasha misses you.
You hit Natasha. Your bite misses Natasha.
Natasha is almost dead.
The cerulean imp hits you with a +2 spear.
You die...

#############
#...........##
#.########...## #.#
##.....###### #.#
#...5@.......
#####.###...#....h######
...............!....
..###.###<..#....###.#
..###.####....#.## #
.................
..###.####.###...
...[....... #..
....)....


You could see Natasha and a cerulean imp (summoned).

Vanquished Creatures
  Jessica (D:2)
  Terence (D:2)
  2 adders (D:2)
  A worm (D:2)
  2 dart slugs
  5 ball pythons
  2 bats (D:1)
  3 endoplasms
  A giant cockroach (D:1)
  10 hobgoblins
  7 jackals (D:1)
  3 quokkas
  3 frilled lizards
  8 goblins
  8 kobolds
  5 rats
62 creatures vanquished.

Notes
Turn   | Place    | Note
-------+----------+-------------------------------------------
     0 | D:1      | jimonade the Gnoll Transmuter began the quest for the Orb.
     0 | D:1      | Reached XP level 1. HP: 17/17 MP: 6/6
    49 | D:1      | Reached XP level 2. HP: 12/23 MP: 5/7
   351 | D:1      | Reached skill level 5 in Spellcasting
   351 | D:1      | Reached XP level 3. HP: 27/28 MP: 7/9
   613 | D:1      | Reached skill level 1 in Invocations
   725 | D:1      | Learned a level 2 spell: Wereblood
   894 | D:2      | Noticed Terence
   914 | D:2      | Killed Terence
   915 | D:2      | Reached skill level 1 in Short Blades
   915 | D:2      | Reached skill level 1 in Long Blades
   915 | D:2      | Reached skill level 1 in Axes
   915 | D:2      | Reached skill level 1 in Maces & Flails
   915 | D:2      | Reached skill level 1 in Polearms
   915 | D:2      | Reached skill level 1 in Staves
   915 | D:2      | Reached skill level 1 in Ranged Weapons
   915 | D:2      | Reached skill level 1 in Throwing
   915 | D:2      | Reached skill level 1 in Armour
   915 | D:2      | Reached skill level 1 in Stealth
   915 | D:2      | Reached skill level 1 in Shields
   915 | D:2      | Reached skill level 1 in Evocations
   915 | D:2      | Reached XP level 4. HP: 7/34 MP: 9/11
  1180 | D:2      | Reached skill level 1 in Conjurations
  1180 | D:2      | Reached skill level 1 in Hexes
  1180 | D:2      | Reached skill level 1 in Summonings
  1180 | D:2      | Reached skill level 1 in Necromancy
  1180 | D:2      | Reached skill level 1 in Translocations
  1180 | D:2      | Reached skill level 1 in Fire Magic
  1180 | D:2      | Reached skill level 1 in Ice Magic
  1180 | D:2      | Reached skill level 1 in Air Magic
  1180 | D:2      | Reached skill level 1 in Earth Magic
  1180 | D:2      | Reached skill level 1 in Poison Magic
  1309 | D:2      | Noticed Jessica
  1326 | D:2      | Killed Jessica
  1327 | D:2      | Reached XP level 5. HP: 39/40 MP: 12/12
  1656 | D:3      | Noticed Natasha
  1678 | D:3      | Slain by a cerulean imp

Illustrated notes

Levels and vault maps discovered:
D:1:      onia_arrival_pentagram, layout_basic, minmay_pentomino_x4
D:2:      cheibrodos_greedy_goblins, layout_basic,
          corexii_item_surrounded_by_moat, uniq_terence, uniq_jessica
D:3:      layout_loops_ring, trog_butcher_becter, mainiacjoe_overflow_paths,
          serial_shops, nicolae_shop_rolling_square, serial_glass,
          glass_columns_b, glass_columns_a, minmay_misc_feat_square, uniq_robin,
          uniq_natasha

Skill      XL: |  1  2  3  4  5 |
---------------+----------------+-----
Spellcasting   | 5 |  5.2
Invocations    | 1 |  1.6
Short Blades   | 1 |  1.4
Long Blades    | 1 |  1.4
Axes           | 1 |  1.4
Maces & Flails | 1 |  1.4
Polearms       | 1 |  1.4
Staves         | 1 |  1.4
Ranged Weapons | 1 |  1.4
Throwing       | 1 |  1.4
Armour         | 1 |  1.4
Stealth        | 1 |  1.4
Shields        | 1 |  1.4
Evocations     | 1 |  1.4
Conjurations   | 1 |  1.1
Hexes          | 1 |  1.1
Summonings     | 1 |  1.1
Necromancy     | 1 |  1.1
Translocations | 1 |  1.1
Fire Magic     | 1 |  1.1
Ice Magic      | 1 |  1.1
Air Magic      | 1 |  1.1
Earth Magic    | 1 |  1.1
Poison Magic   | 1 |  1.1
Fighting       | 3 |  3.0
Dodging        | |  4.8
Unarmed Combat | |  6.7
Transmutations | |  3.9

Action                     |  1- 3 |  4- 6 || total
---------------------------+-------+-------++-------
  Melee: Unarmed           |    96 |    45 ||   141
         Kick              |    12 |     7 ||    19
         Bite              |    10 |    11 ||    21
         Headbutt          |     4 |     7 ||    11
         Punch             |     3 |     5 ||     8
         Dagger            |       |    57 ||    57
   Cast: Beastly Appendage |     6 |     5 ||    11
 Armour: Robe              |     6 |    22 ||    28
         Chain mail        |    34 |    19 ||    53
  Dodge: Dodged            |    40 |    70 ||   110

Table legend: (Time is in decaauts)
 A = Elapsed time spent in this place.
 B = Non-inter-level travel time spent in this place.
 C = Inter-level travel time spent in this place.
 D = Time resting spent in this place.
 E = Time spent auto-exploring this place.
 F = Levels seen in this place.
 G = Mean time per level.
                   A        B        C        D        E       F      G
               +--------+--------+--------+--------+--------+-----+--------+
         Total |   1668 |   1612 |     56 |      0 |   1105 |   3 |  556.0 |
       Dungeon |   1668 |   1612 |     56 |      0 |   1105 |   3 |  556.0 |
               +--------+--------+--------+--------+--------+-----+--------+

Top non-repeatable levels by time:
     D:2: 880 daAuts
     D:1: 718 daAuts
     D:3: 69 daAuts
